 Dungeon Crawl Stone Soup version 0.27-a0-1287-gca74d27db6 (webtiles) character file.

Game seed: 10939319966021814304

307 bilbop the Bolt Thrower (level 6, -2/39 HPs)
             Began as a Kobold Hunter on June 15, 2021.
             Slain by a scorpion zombie (5 damage)
             ... on level 4 of the Dungeon.
             The game lasted 00:12:19 (3506 turns).

bilbop the Bolt Thrower (Kobold Hunter)             Turns: 3506, Time: 00:12:20

Health: -2/39      AC:  4    Str: 10    XL:     6   Next: 68%
Magic:  6/6        EV: 16    Int: 12    God:
Gold:   122        SH:  0    Dex: 17    Spells: 5/5 levels left

rFire    . . .     SeeInvis .   a - +1 hand crossbow
rCold    . . .     Faith    .   (shield restricted)
rNeg     . . .     Spirit   .   o - +2 robe {Will+}
rPois    .         Reflect  .   (no helmet)
rElec    .         Harm     .   (no cloak)
rCorr    .         Rampage  .   (no gloves)
Will     +....                  (no boots)
Stlth    ++++......             (no amulet)
HPRegen  0.13/turn              (no ring)
MPRegen  0.10/turn              (no ring)

@: no status effects
A: small, no large weapons, nightstalker 3
a: no special abilities


You were on level 4 of the Dungeon.
You visited 1 branch of the dungeon, and saw 4 of its levels.

You collected 122 gold pieces.

Inventory:

Hand Weapons
 a - a +1 hand crossbow (weapon)
 b - a +0 dagger
 i - a +0 short sword
Missiles
 d - 4 bolts (quivered ammo)
Armour
 c - a +0 leather armour
 n - a +0 ring mail
 o - a +2 robe of willpower (worn)
Scrolls
 e - 2 scrolls of amnesia {unknown}
 f - a scroll of teleportation {unknown}
 g - 3 scrolls of immolation {unknown}
 j - a scroll of enchant armour {unknown}
 k - a scroll of noise {unknown}
 l - a scroll of vulnerability {unknown}
 p - a scroll of summoning {unknown}
 r - a scroll of enchant weapon {unknown}
 s - a scroll of identify {unknown}
 u - a scroll of silence {unknown}
Potions
 h - 2 potions of lignification {unknown}
 m - 3 potions of curing {unknown}
 q - a potion of haste {unknown}
 t - a potion of attraction {unknown}
 v - 2 potions of flight {unknown}


   Skills:
 * Level 4.5 Fighting
 + Level 2.9 Short Blades
 + Level 5.8 Crossbows
 + Level 3.7 Dodging
 + Level 3.8 Stealth


You had 5 spell levels left.
You didn't know any spells.
Your spell library was empty.

Dungeon Overview and Level Annotations

Branches:
Dungeon (4/15)
 Temple: D:4-7

Altars:
Dithmenos
Hepliaklqana
Makhleb

Shops:
D:2 :


Innate Abilities, Weirdness & Mutations

You are small and have problems with some larger weapons.
You are completely attuned to the shadows.


Message History

The scorpion zombie hits you but does no damage.
You hit the scorpion zombie but do no damage.
The scorpion zombie is severely damaged.
The giant cockroach bites you but does no damage.
You barely miss the scorpion zombie.
The scorpion zombie is severely damaged.
The scorpion zombie closely misses you. The giant cockroach misses you.
You hit the scorpion zombie.
The scorpion zombie is severely damaged.
The scorpion zombie hits you.
* * * LOW HITPOINT WARNING * * *
The giant cockroach completely misses you.
You hit the scorpion zombie.
The scorpion zombie is almost destroyed.
The giant cockroach barely misses you. The scorpion zombie misses you.
You barely miss the scorpion zombie.
The scorpion zombie is almost destroyed.
The giant cockroach bites you.
* * * LOW HITPOINT WARNING * * *
The scorpion zombie barely misses you.
You hit the scorpion zombie but do no damage.
The scorpion zombie is almost destroyed.
The giant cockroach barely misses you.
The scorpion zombie hits you but does no damage.
You hit the scorpion zombie but do no damage.
The scorpion zombie is almost destroyed.
The giant cockroach misses you. The scorpion zombie hits you.
* * * LOW HITPOINT WARNING * * *
You hit the scorpion zombie but do no damage.
The scorpion zombie is almost destroyed.
The giant cockroach completely misses you.
a - a +1 hand crossbow (weapon)
The scorpion zombie closely misses you. The giant cockroach misses you.
Fire: 5 bolts
Press: ? - help, Q - select action Shift-Dir - straight line, f - giant cockroach
Aim: a giant cockroach (68% to hit)
You shoot a bolt. The bolt hits the giant cockroach.
The giant cockroach is almost dead.
The giant cockroach closely misses you. The scorpion zombie hits you.
You die...

#.......).....[...
#....)....##..####
#.................
#....###..........
#....# #..........
#....# #..........
#....# #..........
#B...# #####......
#@...#### #......
♣Z♣......# #......
## .(.♣♣...#.#
#...... ... .♣.♣
♣...#.#####..#.#
..). ♣♣
♣.♣♣.#.....#..#..
.... ..
..#........#..
....
..#.....##....
.... ♣
♣.#...........
....
♣.♣♣.#..#.#......


You could see a scorpion zombie and a giant cockroach.

Vanquished Creatures
  A bullfrog (D:4)
  A bullfrog zombie (D:4)
  An orc priest (D:4)
  Jessica (D:2)
  Terence (D:2)
  A hound zombie (D:4)
  A hound skeleton (D:3)
  4 adders
  2 worms
  3 orcs (D:4)
  4 ball pythons (D:1)
  3 bats
  8 endoplasms
  8 goblins
  5 hobgoblins
  4 jackals (D:2)
  5 kobolds
  3 quokkas
  3 frilled lizards
  3 rats
62 creatures vanquished.

Notes
Turn   | Place    | Note
-------+----------+-------------------------------------------
     0 | D:1      | bilbop the Kobold Hunter began the quest for the Orb.
     0 | D:1      | Reached XP level 1. HP: 12/12 MP: 1/1
   147 | D:1      | Noticed a great orb of eyes
   174 | D:1      | Noticed a golden eye
   209 | D:1      | Reached XP level 2. HP: 18/18 MP: 2/2
   217 | D:1      | Noticed an eye of devastation
   218 | D:1      | Found a faded altar of an unknown god.
   218 | D:1      | Noticed a floating eye
   611 | D:1      | Reached skill level 5 in Crossbows
   670 | D:1      | Reached skill level 1 in Short Blades
   819 | D:2      | Noticed Jessica
   823 | D:2      | Killed Jessica
   824 | D:2      | Reached XP level 3. HP: 23/23 MP: 3/3
   965 | D:2      | Reached XP level 4. HP: 28/28 MP: 4/4
  1093 | D:2      | Found Ohiq's Book Boutique.
  1314 | D:2      | Noticed Terence
  1319 | D:2      | Killed Terence
  1320 | D:2      | Reached XP level 5. HP: 25/32 MP: 5/5
  2601 | D:4      | Found a hazy altar of Hepliaklqana.
  2744 | D:4      | Noticed a bullfrog
  2748 | D:4      | Killed a bullfrog
  2749 | D:4      | Reached XP level 6. HP: 28/38 MP: 6/6
  2970 | D:4      | Found a shadowy altar of Dithmenos.
  2973 | D:4      | Found a burning altar of Makhleb.
  3506 | D:4      | Slain by a scorpion zombie

Illustrated notes

Levels and vault maps discovered:
D:1:      lightli_arrival_maybe_door_vault, layout_loops_cross,
          hellmonk_ecumenical_altar_watching_god
D:2:      layout_loops_ring, serial_shops, nicolae_shop_waterfront,
          serial_co_window_serial, co_window_paths_a,
          co_window_of_opportunity_a, co_window_paths_a, co_window_paths_b,
          co_window_paths_b, co_window_unsneaky_path_c,
          co_window_unsneaky_path_d, co_window_broadway_c, co_window_corner_b,
          co_window_of_opportunity_b, co_window_paths_c, co_window_cross_2,
          glass_columns_b, glass_columns_b, glass_columns_c,
          minmay_strange_pillars, uniq_terence, uniq_jessica
D:3:      layout_rooms
D:4:      layout_basic, nicolae_yredelemnul_corpse_copse, jmf_multi_god_temple,
          overflow_temple_1_default, grunt_decor_arrowhead

Skill      XL: |  1  2  3  4  5 |
---------------+----------------+-----
Crossbows      | 5 |  5.8
Short Blades   | 1 2 |  2.9
Fighting       | 3 4 |  4.5
Stealth        | 2 3 |  3.8
Dodging        | 3 |  3.7

Action                   |  1- 3 |  4- 6 || total
-------------------------+-------+-------++-------
Melee: Short sword       |     1 |       ||     1
       Dagger            |       |    72 ||    72
 Fire: Hand crossbow     |    35 |    80 ||   115
Armor: Leather armour    |     1 |     4 ||     5
       Robe              |       |    15 ||    15
Dodge: Dodged            |     4 |    50 ||    54

Table legend: (Time is in decaauts)
 A = Elapsed time spent in this place.
 B = Non-inter-level travel time spent in this place.
 C = Inter-level travel time spent in this place.
 D = Time resting spent in this place.
 E = Time spent auto-exploring this place.
 F = Levels seen in this place.
 G = Mean time per level.
                   A        B        C        D        E       F      G
               +--------+--------+--------+--------+--------+-----+--------+
         Total |   3517 |   3391 |    126 |    195 |   2812 |   4 |  879.2 |
       Dungeon |   3517 |   3391 |    126 |    195 |   2812 |   4 |  879.2 |
               +--------+--------+--------+--------+--------+-----+--------+

Top non-repeatable levels by time:
     D:2: 1272 daAuts
     D:4: 931 daAuts
     D:1: 823 daAuts
     D:3: 489 daAuts
